Map: Hecate LE

Players

Rex

  • Race: Zerg Zerg
  • League: Master
  • Spawn Location: 1:00

Firefly - Winner!

  • Race: Protoss Protoss
  • Spawn Location: 7:00

Event: IEM Katowice 2024

VOD

Have the link to the VOD?

Description

Time

  • Played on: Dec. 5, 2023, 5:20 a.m.
  • Length: 7:43

All games in this series

Show
View Real Time Build Order
Export as new Build Order

Rex Zerg 

Build Orders: Hatch First 

Get SALT Encoding   

  12  0:00  Drone  
  13  0:13  Overlord  
  13  0:18  Drone  
  14  0:32  Drone x2  
  16  0:48  Hatchery  
  15  0:52  Drone  
  15  0:55  Drone  
  17  0:58  Drone  
  18  1:09  Extractor  
  17  1:13  Spawning Pool  
  17  1:18  Drone  
  17  1:21  Drone  
  18  1:30  Drone  
  19  1:40  Drone  
  20  1:50  Overlord  
  20  2:00  Queen  
  20  2:01  Zergling x4, Queen  
  26  2:11  Drone  
  26  2:12  Drone  
  28  2:17  Metabolic Boost  
  29  2:22  Drone  
  29  2:23  Drone  
  30  2:36  Hatchery  
  29  2:45  Queen  
  29  2:48  Drone x2  
  33  2:52  Overlord  
  33  2:58  Zergling x4  
  35  3:03  Drone  
  36  3:08  Overlord  
  33  3:22  Spore Crawler  
  33  3:26  Drone  
  33  3:27  Drone x5  
  38  3:34  Queen  
  38  3:35  Spore Crawler  
  38  3:38  Drone x2  
  41  3:45  Queen  
  43  3:53  Drone  
  44  4:00  Drone x5  
  48  4:04  Evolution Chamber  
  48  4:06  Drone  
  48  4:09  Overlord  
  48  4:12  Overlord  
  48  4:15  Drone  
  49  4:22  Spore Crawler  
  48  4:24  Queen  
  48  4:25  Overlord  
  48  4:32  Spore Crawler  
  48  4:34  Zerg Melee Weapons Level 1  
  48  4:35  Drone x2  
  48  4:38  Drone  
  48  4:42  Drone  
  50  4:45  Drone x2  
  50  4:47  Drone  
  50  4:48  Drone  
  53  4:55  Drone x2  
  54  5:00  Drone  
  54  5:03  Drone x2  
  54  5:06  Drone x4  
  60  5:11  Drone x2  
  62  5:17  Drone x3  
  62  5:18  Drone  
  62  5:19  Drone  
  62  5:21  Drone x2  
  68  5:27  Overlord  
  69  5:29  Drone x3  
  71  5:37  Hatchery  
  71  5:41  Zergling x6  
  73  5:44  Overlord x2  
  73  5:50  Zergling x10  
  73  5:54  Zergling x8  
  81  5:57  Lair  
  81  6:02  Overlord  
  81  6:03  Overlord  
  81  6:06  Drone x2  
  83  6:12  Drone x2  
  83  6:15  Drone x3  
  83  6:16  Overlord  
  88  6:21  Overlord  
  88  6:22  Extractor x2, Roach Warren  
  85  6:29  Zergling x12  
  91  6:35  Zergling x6  
  92  6:40  Extractor  
  92  6:42  Zergling x2, Extractor  
  92  6:46  Zergling x8  
  94  6:48  Hatchery  
  94  6:51  Zergling x10  
  94  6:57  Zergling x4  
  94  7:01  Zergling x4  
  95  7:13  Zergling x14  
  93  7:19  Zergling x12  
  93  7:24  Zergling x6  
Show
View Real Time Build Order
Export as new Build Order

Firefly Protoss - Winner!

Build Orders: 1 Gate Expand, Oracle Opening 

Get SALT Encoding   

  12  0:00  Probe  
  13  0:12  Probe  
  14  0:19  Pylon  
  14  0:24  Probe  
  15  0:37  Probe (Chrono Boost)  
  15  0:38  Gateway  
  16  0:46  Assimilator, Probe (Chrono Boost)  
  17  0:51  Probe (Chrono Boost)  
  18  1:03  Probe  
  19  1:21  Nexus  
  19  1:29  Cybernetics Core  
  19  1:32  Probe  
  20  1:38  Assimilator  
  20  1:44  Probe  
  20  1:47  Pylon  
  21  1:56  Probe  
  22  2:03  Adept (Chrono Boost)  
  22  2:08  Probe  
  25  2:20  Stargate, Probe  
  26  2:23  Adept (Chrono Boost)  
  28  2:32  Probe  
  28  2:35  Warp Gate  
  28  2:36  Probe  
  30  2:44  Probe  
  30  2:46  Adept  
  30  2:48  Probe  
  34  2:56  Probe  
  35  3:00  Probe  
  35  3:05  Oracle (Chrono Boost)  
  36  3:09  Probe  
  40  3:17  Probe  
  41  3:23  Probe  
  41  3:25  Gateway  
  40  3:31  Probe  
  40  3:34  Oracle (Chrono Boost)  
  41  3:35  Pylon  
  41  3:37  Probe  
  45  3:43  Probe  
  46  3:50  Nexus  
  46  3:53  Probe  
  46  3:55  Pylon  
  47  4:01  Oracle (Chrono Boost)  
  47  4:03  Probe  
  47  4:05  Probe  
  52  4:12  Pylon  
  52  4:15  Probe  
  53  4:17  Probe  
  53  4:22  Twilight Council  
  53  4:23  Forge  
  54  4:27  Probe  
  54  4:29  Probe  
  56  4:41  Gateway, Probe  
  56  4:42  Gateway  
  57  4:45  Gateway  
  57  4:46  Assimilator  
  57  4:47  Assimilator  
  57  4:51  Gateway  
  57  5:01  Blink  
  57  5:05  Probe x2  
  57  5:06  Probe  
  60  5:08  Shield Battery  
  60  5:12  Protoss Ground Weapons Level 1 (Chrono Boost)  
  60  5:16  Stalker x2  
  60  5:17  Probe x2  
  60  5:18  Probe  
  67  5:29  Probe x2  
  67  5:30  Probe  
  70  5:41  Probe  
  70  5:42  Probe x2  
  73  5:47  Stalker x2  
  73  5:48  Stalker  
  79  5:53  Stalker, Probe  
  79  5:54  Probe, Stalker  
  85  5:59  Pylon  
  85  6:00  Pylon  
  85  6:06  Pylon  
  85  6:08  Probe x2, Pylon  
  83  6:28  Stalker x6  
  83  6:29  Probe  
  96  6:34  Nexus  
  96  6:35  Pylon  
  92  6:52  Stalker  
  93  6:56  Stalker x5  
  93  7:01  Shield Battery  
  103  7:19  Stalker  
  94  7:23  Zealot x3  
  94  7:29  Probe x2  
  100  7:31  Stalker x2  

Tags
 
Add a new tag
Caveats
  • Supply blocks, unpowered buildings, or Contaminate may cause inaccurate times.
  • Supply counts are checked every 10 seconds.